Map: Cactus Valley LE (Void)

Players

Loco

  • Race: Zerg Zerg

Puppytherapy - Winner!

  • Race: Protoss Protoss

VOD

Have the link to the VOD?

Description

Time

  • Played on: May 4, 2015, 12:55 p.m.
  • Length: 5:22
Show
View Real Time Build Order
Export as new Build Order

Loco Zerg 

Build Orders: Hatch First 

Get SALT Encoding   

  12  0:01  Drone  
  13  0:12  Overlord  
  13  0:18  Drone  
  14  0:31  Drone x2  
  14  0:35  Drone  
  17  0:45  Drone  
  18  0:57  Hatchery  
  18  1:00  Drone  
  18  1:03  Extractor  
  17  1:06  Drone  
  18  1:18  Drone  
  19  1:28  Drone  
  20  1:39  Overlord  
  20  1:51  Drone  
  21  1:55  Spawning Pool  
  21  2:00  Hatchery  
  19  2:04  Drone  
  20  2:09  Drone  
  20  2:13  Drone  
  22  2:19  Drone  
  23  2:24  Drone  
  24  2:30  Drone  
  24  2:32  Drone  
  26  2:41  Metabolic Boost  
  26  2:42  Queen  
  26  2:43  Queen  
  30  2:46  Zergling x2  
  30  2:48  Zergling x2  
  32  2:52  Overlord  
  32  2:56  Drone  
  33  3:03  Drone  
  34  3:12  Queen  
  36  3:14  Drone x2  
  36  3:19  Queen  
  40  3:27  Hatchery  
  41  3:34  Drone x2  
  41  3:35  Drone  
  41  3:39  Extractor  
  41  3:40  Drone x3  
  44  3:44  Overlord  
  44  3:58  Drone x6  
  44  4:02  Overlord, Extractor  
  49  4:04  Extractor  
  49  4:08  Evolution Chamber  
  47  4:12  Evolution Chamber  
  47  4:14  Drone x2  
  47  4:16  Drone  
  49  4:18  Drone  
  49  4:22  Spore Crawler  
  49  4:27  Spore Crawler  
  49  4:28  Drone  
  49  4:29  Drone  
  50  4:38  Zergling x6  
  53  4:43  Zergling x4  
  53  4:44  Zergling x2  
  56  4:49  Zergling x2  
  56  4:50  Zergling x6  
  58  4:55  Zergling x4  
  60  5:01  Zergling x6  
  60  5:02  Zergling x2  
  60  5:04  Zergling x2  
Show
View Real Time Build Order
Export as new Build Order

Puppytherapy Protoss - Winner!

Build Orders: 1 Gate Expand 

Get SALT Encoding   

  12  0:01  Probe  
  13  0:13  Pylon  
  13  0:18  Probe  
  14  0:31  Probe (Chrono Boost)  
  15  0:36  Gateway  
  15  0:42  Probe (Chrono Boost)  
  16  0:50  Probe  
  16  0:51  Assimilator  
  17  1:02  Probe  
  18  1:21  Nexus  
  18  1:23  Probe (Chrono Boost)  
  19  1:34  Probe (Chrono Boost)  
  20  1:40  Cybernetics Core  
  20  1:46  Pylon  
  20  1:49  Probe  
  21  2:01  Probe (Chrono Boost)  
  22  2:06  Gateway  
  22  2:13  Probe (Chrono Boost)  
  25  2:16  Warp Gate (Chrono Boost)  
  25  2:18  Adept (Chrono Boost)  
  25  2:26  Gateway  
  25  2:39  Gateway  
  25  2:45  Gateway  
  25  2:48  Probe  
  25  2:50  Probe  
  27  3:00  Gateway  
  27  3:02  Probe  
  28  3:10  Probe (Chrono Boost)  
  29  3:16  Probe (Chrono Boost)  
  30  3:21  Gateway  
  30  3:22  Probe (Chrono Boost)  
  32  3:31  Probe x2 (Chrono Boost)  
  32  3:32  Pylon  
  33  3:38  Probe  
  33  3:39  Probe  
  35  3:51  Pylon  
  35  3:54  Probe x2  
  37  3:56  Pylon  
  37  4:01  Sentry  
  39  4:03  Pylon  
  39  4:04  Adept x3  
  45  4:15  Stalker x2  
  49  4:18  Stalker  
  51  4:25  Adept  
  51  4:28  Pylon  
  51  4:30  Zealot  
  55  4:38  Pylon  
  55  4:40  Zealot x2  
  59  4:56  Stalker  
  59  4:57  Stalker, Zealot x3  
  66  5:12  Zealot x2  
  68  5:18  Zealot x3  
Tags
 
Add a new tag
Caveats
  • Supply blocks, unpowered buildings, or Contaminate may cause inaccurate times.
  • Supply counts are checked every 10 seconds.